 Dungeon Crawl Stone Soup version 0.27.0-1-g7a089689b8 (webtiles) character file.

Game seed: 13678922718348989754

22694 night the Grappler (level 12, 0/104 HPs)
             Began as a Troll Fighter on Aug 2, 2021.
             Was a High Priest of Nemelex Xobeh.
             Slain by a 16-headed hydra (2 damage)
             ... on level 3 of the Lair of Beasts.
             The game lasted 00:29:51 (10983 turns).

night the Grappler (Troll Fighter)                 Turns: 10983, Time: 00:29:52

Health: 0/104      AC: 13    Str: 27    XL:     12   Next: 65%
Magic:  17/17      EV: 12    Int: 14    God:    Nemelex Xobeh [*****.]
Gold:   430        SH: 12    Dex:  9    Spells: 5/15 levels left

rFire    . . .     SeeInvis .     - Unarmed
rCold    . . .     Faith    .   O - +2 kite shield
rNeg     . . .     Spirit   .   T - +0 acid dragon scales
rPois    .         Reflect  .   b - +2 hat
rElec    .         Harm     .   l - +2 cloak {Stlth+}
rCorr    +         Rampage  .   (gloves unavailable)
Will     .....                  (boots unavailable)
Stlth    ++........             F - amulet of regeneration
HPRegen  2.27/turn              q - +6 ring of intelligence
MPRegen  0.15/turn              Q - +4 ring of evasion

@: studying Axes
A: large, unfitting armour, claws 3, regeneration 1, shaggy fur 1, tough skin 1
a: Renounce Religion, Draw Escape, Draw Destruction, Draw Summoning, Triple
Draw, Deal Four, Stack Five


You were on level 3 of the Lair of Beasts.
You worshipped Nemelex Xobeh.
Nemelex Xobeh was extremely pleased with you.
You visited 3 branches of the dungeon, and saw 14 of its levels.
You also visited: Gauntlet.

You collected 759 gold pieces.
You spent 329 gold pieces at shops.

Inventory:

Hand Weapons
 G - a +0 fustibalus
Missiles
 f - 194 arrows
 j - 74 poisoned darts (quivered)
 k - 486 stones
 o - 8 boomerangs of dispersal
 y - 148 sling bullets
 H - 71 bolts
 M - a curare-tipped dart
 N - a throwing net
 P - 2 boomerangs
 R - 13 silver javelins
Armour
 b - a +2 hat (worn)
 l - a +2 cloak of stealth (worn)
 s - a scarf of shadows
 A - the +0 robe "Roity" {rElec Regen+}
   (You bought it in a shop on level 1 of the Dungeon)

   rElec:     It insulates you from electricity.
   Regen:     It increases your rate of health regeneration.
 O - a +2 kite shield (worn)
 T - +0 acid dragon scales (worn)
Jewellery
 q - a +6 ring of intelligence (left claw)
 z - the ring of Cugum {Ice rElec MP-9 Int+5}
   (You found it in a Gauntlet)

   [ring of ice]

   It enhances your ice magic.
   Int:       It affects your intelligence (+5).
   rF:        It makes you vulnerable to fire.
   rC:        It protects you from cold.
   rElec:     It insulates you from electricity.
   MP:        It affects your magic capacity (-9).
 F - an amulet of regeneration (around neck)
 Q - a +4 ring of evasion (right claw)
 S - an amulet of reflection
 X - a ring of protection from cold
 Y - a ring of protection from fire
Wands
 I - a wand of digging (2)
 J - a wand of iceblast (15)
Scrolls
 m - a scroll of enchant armour
 t - 2 scrolls of enchant weapon
 w - a scroll of teleportation
 C - 4 scrolls of blinking
 D - 2 scrolls of vulnerability
 E - a scroll of magic mapping
 U - a scroll of fear
 V - a scroll of fog
Potions
 d - a potion of invisibility
 e - 4 potions of mutation
 g - 4 potions of brilliance
 h - 4 potions of flight
 i - a potion of ambrosia {unknown}
 n - a potion of resistance {unknown}
 r - a potion of cancellation
 u - 5 potions of heal wounds
 v - 3 potions of attraction
 x - a potion of lignification {unknown}
 B - 2 potions of degeneration
 K - 2 potions of curing
 L - 2 potions of magic
Miscellaneous
 a - a condenser vane
 p - a piece from Xom's chessboard (12/15)
 W - a tin of tremorstones (2/2)


   Skills:
 - Level 2.4 Fighting
 - Level 2.4 Dodging
 + Level 6.2 Shields
 * Level 14.3 Unarmed Combat
 - Level 2.3 Spellcasting
 + Level 7.7 Translocations
 + Level 8.2 Invocations


You had 5 spell levels left.
You knew the following spells:

 Your Spells              Type           Power      Damage    Failure   Level
a - Lesser Beckoning      Tloc           11%        N/A       6%          3
b - Manifold Assault      Tloc           23%        N/A       52%         5
c - Blink                 Tloc           N/A        N/A       3%          2

Your spell library contained the following spells:

 Spells                   Type           Power      Damage    Failure   Level
 Apportation              Tloc           46%        N/A       2%          1
 Passage of Golubria      Tloc           N/A        N/A       22%         4
 Portal Projectile        Hex/Tloc       24%        N/A       30%         3
 Animate Skeleton         Necr           2%         N/A       45%         1
 Corona                   Hex            1%         N/A       45%         1
 Magic Dart               Conj           4%         1d3       45%         1
 Pain                     Necr           4%         1d4       45%         1
 Summon Small Mammal      Summ           4%         N/A       45%         1
 Searing Ray              Conj           2%         3d3       61%         2
 Call Canine Familiar     Summ           1%         N/A       83%         3
 Tukima's Dance           Hex            1%         N/A       83%         3
 Fulminant Prism          Conj/Hex       0%         3d6       99%         4
 Leda's Liquefaction      Hex/Erth       0%         N/A       99%         4
 Agony                    Necr           1%         N/A       100%        5
 Excruciating Wounds      Necr           0%         N/A       100%        5
 Yara's Violent Unravell  Hex/Tmut       0%         3d3       100%        5


Dungeon Overview and Level Annotations

Branches:
Dungeon (10/15)            Temple (1/1) D:4            Lair (3/6) D:10
Gauntlet (visited)
  Swamp: Lair:2-4    Shoals: Lair:2-4     Snake: Lair:2-4    Spider: Lair:2-4
    Orc: D:9-12

Altars:
Ashenzari
Cheibriados
Dithmenos
Elyvilon
Fedhas
Gozag
Hepliaklqana
Kikubaaqudgha
Makhleb
Nemelex Xobeh
Okawaru
Qazlal
Ru
Sif Muna
Trog
Uskayaw
Vehumet
Wu Jian
Xom
Yredelemnul
Zin
The Shining One

Shops:
D:1 [


Innate Abilities, Weirdness & Mutations

You are too large for most types of armour.
You have claws for hands.
Your natural rate of healing is unusually fast.
You are covered in fur. (AC +1)
You have tough skin. (AC +1)


Message History

The 12-headed hydra grows two more!
You mangle the 14-headed hydra!!
The 14-headed hydra is severely wounded.
You tear one of the 14-headed hydra's heads off!
The 13-headed hydra grows two more!
You claw the 15-headed hydra!
The 15-headed hydra is severely wounded.
You block the 15-headed hydra's attack.
The 15-headed hydra bites you but does no damage. x4
The 15-headed hydra bites you. The 15-headed hydra barely misses you.
The 15-headed hydra closely misses you. You block the 15-headed hydra's attack.
The 15-headed hydra bites you but does no damage.
The 15-headed hydra barely misses you.
The 15-headed hydra bites you but does no damage.
You block the 15-headed hydra's attack. The 15-headed hydra bites you.
The 15-headed hydra misses you.
You claw one of the 15-headed hydra's heads off!
The 14-headed hydra grows two more!
You scratch the 16-headed hydra.
The 16-headed hydra is heavily wounded.
The 16-headed hydra bites you but does no damage.
The 16-headed hydra barely misses you. The 16-headed hydra misses you.
You block the 16-headed hydra's attack.
The 16-headed hydra bites you but does no damage.
The 16-headed hydra barely misses you. You block the 16-headed hydra's attack.
The 16-headed hydra bites you.
* * * LOW HITPOINT WARNING * * *
The 16-headed hydra bites you!
* * * LOW HITPOINT WARNING * * *
You block the 16-headed hydra's attack. x2; The 16-headed hydra bites you.
* * * LOW HITPOINT WARNING * * *
The 16-headed hydra closely misses you. x2; The 16-headed hydra bites you!
* * * LOW HITPOINT WARNING * * *
The 16-headed hydra bites you but does no damage.
Your shield prevents you from hitting the 16-headed hydra.
The 16-headed hydra is heavily wounded.
You block the 16-headed hydra's attack. The 16-headed hydra bites you.
* * * LOW HITPOINT WARNING * * *
The 16-headed hydra bites you!
* * * LOW HITPOINT WARNING * * *
The 16-headed hydra bites you.
You die...
Your body glows with a rainbow of weird colours and disappears.

**,,,,,,,,,*,,,,* *,
#.,,.,,,..,,,,,* *,
*#.##.,,...,,,,,* **
*....#,#.#.,*>,,* *
*#...##...#,*,,,****
#..........,,,,,,,,
#..........,,,,,,,, ###
#..........,,,,,,,, #.##
##.@D.......,,,,,,,,
##.##
#...........,,,,,,..
##.####............,,*,..
##†###...............###
##†##...#.####.....++..
##†#††.#.####.....#...
##....+...##......#..
##..............#...
#...#...##...>..#..


You could see a 16-headed hydra (misshapen).

Vanquished Creatures
  A quicksilver ooze (Gauntlet)
  A ghost crab (Gauntlet)
  2 two-headed ogres
  Urug (Lair:1)
  An oklob plant (D:10)
  3 black mambas
  3 elephants (Lair:3)
  6 cane toads
  Maggie (Lair:1)
  An unseen horror (D:10)
  2 rime drakes
  9 komodo dragons
  3 trolls
  10 blink frogs
  Prince Ribbit (D:6)
  A meliai zombie (D:10)
  13 yaks
  A basilisk (Lair:1)
  2 steam dragons
  8 water moccasins
  2 sky beasts
  An orc warrior (D:8)
  2 ogres
  3 necrophages
  4 centaurs
  8 wolves (Lair:1)
  A phantom (D:4)
  2 kobold brigands (D:8)
  8 bullfrogs
  2 gnoll sergeants
  3 scorpions
  15 killer bees
  6 wights (D:7)
  An electric eel (Lair:1)
  3 bullfrog zombies
  4 hounds
  5 jellies
  Crazy Yiuf (D:2)
  2 bullfrog skeletons
  A centaur skeleton (D:4)
  4 centaur zombies
  3 orc priests
  4 iguanas
  4 orc wizards
  2 hound skeletons (D:4)
  A howler monkey zombie (D:9)
  8 gnolls
  2 howler monkey skeletons
  2 adders (D:3)
  2 shadow imps (D:7)
  2 white imps
  An ufetubus (D:5)
  5 worms
  2 dart slugs (D:4)
  26 orcs
  2 ball pythons
  9 endoplasms
  2 giant cockroaches (D:4)
  10 goblins
  11 hobgoblins
  3 jackals (D:4)
  6 quokkas
  6 bats
  8 frilled lizards
  A goblin zombie (D:7)
  17 kobolds
  A quokka zombie (D:7)
  4 rats
292 creatures vanquished.

Vanquished Creatures (collateral kills)
  A minotaur (Gauntlet)
1 creature vanquished.

Vanquished Creatures (others)
  5 fungi
  19 plants
24 creatures vanquished.

Grand Total: 317 creatures vanquished

Notes
Turn   | Place    | Note
-------+----------+-------------------------------------------
     0 | D:1      | night the Troll Fighter began the quest for the Orb.
     0 | D:1      | Reached XP level 1. HP: 22/22 MP: 0/0
   125 | D:1      | Reached XP level 2. HP: 29/29 MP: 1/1
   179 | D:1      | Reached skill level 3 in Unarmed Combat
   318 | D:1      | Found Futhraema's Antique Armour Boutique.
   541 | D:1      | Reached XP level 3. HP: 36/36 MP: 2/2
   770 | D:2      | Found a runed translucent door.
   771 | D:2      | Noticed Crazy Yiuf
   778 | D:2      | Killed Crazy Yiuf
   779 | D:2      | Reached skill level 4 in Unarmed Combat
   809 | D:2      | Reached XP level 4. HP: 44/44 MP: 3/3
   875 | D:2      | Learned a level 3 spell: Lesser Beckoning
  1224 | D:2      | Found a shimmering altar of Xom.
  1258 | D:2      | Found a faded altar of an unknown god.
  1258 | D:2      | Noticed a hellion
  1491 | D:3      | Found a basalt altar of Yredelemnul.
  1500 | D:3      | Reached skill level 5 in Unarmed Combat
  1561 | D:3      | Found a shadowy altar of Dithmenos.
  1570 | D:3      | Reached XP level 5. HP: 50/50 MP: 4/4
  1661 | D:3      | Found a stormy altar of Qazlal.
  1661 | D:3      | Noticed an air elemental
  1665 | D:3      | Noticed a water elemental
  1763 | D:3      | Noticed an ogre
  1780 | D:3      | Killed an ogre
  1781 | D:3      | Reached skill level 1 in Translocations
  2098 | D:3      | Noticed a fire elemental
  2181 | D:4      | Reached XP level 6. HP: 59/59 MP: 5/5
  2229 | D:4      | Reached skill level 6 in Unarmed Combat
  2286 | D:4      | Reached skill level 2 in Translocations
  2316 | D:4      | Identified the +1 whip of Fee Simple {drain, Str+2}
  2354 | D:4      | Found a staircase to the Ecumenical Temple.
  2366 | Temple   | Entered the Ecumenical Temple
  2599 | Temple   | Became a worshipper of Nemelex Xobeh the Trickster
  2752 | D:1      | Bought a twisted robe for 142 gold pieces
  2752 | D:1      | Identified the +0 robe "Roity" {rElec Regen+} (You bought
                  | it in a shop on level 1 of the Dungeon)
  2848 | D:4      | Reached XP level 7. HP: 66/66 MP: 6/6
  3087 | D:4      | Reached skill level 7 in Unarmed Combat
  3133 | D:5      | Entered Level 5 of the Dungeon
  3156 | D:5      | Noticed a steam dragon
  3166 | D:5      | Killed a steam dragon
  3415 | D:5      | Reached * piety under Nemelex Xobeh
  3665 | D:5      | Received a gift from Nemelex Xobeh
  3919 | D:6      | Noticed Prince Ribbit
  4041 | D:6      | Reached skill level 8 in Unarmed Combat
  4064 | D:6      | Reached XP level 8. HP: 63/74 MP: 6/8
  4208 | D:6      | Reached ** piety under Nemelex Xobeh
  4225 | D:6      | Reached skill level 1 in Invocations
  4262 | D:6      | Reached skill level 1 in Spellcasting
  4403 | D:6      | Killed Prince Ribbit
  4405 | D:6      | Reached skill level 2 in Invocations
  4526 | D:6      | Reached skill level 9 in Unarmed Combat
  4827 | D:7      | Reached skill level 2 in Spellcasting
  4832 | D:7      | Reached XP level 9. HP: 66/74 MP: 9/11
  4890 | D:7      | Received a gift from Nemelex Xobeh
  5127 | D:7      | Found a snail-covered altar of Cheibriados.
  5632 | D:7      | Learned a level 5 spell: Manifold Assault
  5695 | D:7      | Reached skill level 10 in Unarmed Combat
  5844 | D:8      | Found a sacrificial altar of Ru.
  5859 | D:8      | Reached *** piety under Nemelex Xobeh
  5946 | D:8      | Received a gift from Nemelex Xobeh
  6112 | D:8      | Found an ancient bone altar of Kikubaaqudgha.
  6167 | D:8      | Reached skill level 5 in Translocations
  6399 | D:9      | Noticed a two-headed ogre
  6406 | D:9      | Killed a two-headed ogre
  6407 | D:9      | Reached skill level 11 in Unarmed Combat
  6407 | D:9      | Reached XP level 10. HP: 79/88 MP: 12/12
  6474 | D:9      | Reached skill level 5 in Invocations
  6531 | D:9      | HP: 12/88 [poisoned by a killer bee]
  6536 | D:9      | HP: 9/88 [poisoned by a killer bee]
  6608 | D:9      | Received a gift from Nemelex Xobeh
  6793 | D:1      | Bought a glowing kite shield for 187 gold pieces
  7146 | D:9      | Identified the +8 plate armour of the Thinker {+Inv Will+
                  | rCorr Str+2}
  7332 | D:9      | HP: 9/88 [troll (9)]
  7420 | D:10     | Entered Level 10 of the Dungeon
  7420 | D:10     | Noticed a two-headed ogre
  7431 | D:10     | Killed a two-headed ogre
  7479 | D:10     | Found an ornate altar of the Wu Jian Council.
  7587 | D:10     | Found a glowing golden altar of the Shining One.
  7624 | D:10     | Found an ornate altar of the Wu Jian Council.
  7677 | D:10     | Reached **** piety under Nemelex Xobeh
  7678 | D:10     | Received a gift from Nemelex Xobeh
  7825 | D:10     | Reached skill level 12 in Unarmed Combat
  7944 | D:10     | Learned a level 2 spell: Blink
  8025 | D:10     | Found a staircase to the Lair.
  8032 | D:10     | Noticed an oklob plant
  8056 | D:10     | Killed an oklob plant
  8057 | D:10     | Reached XP level 11. HP: 72/94 MP: 14/14
  8075 | D:10     | Received a gift from Nemelex Xobeh
  8323 | Lair:1   | Entered Level 1 of the Lair of Beasts
  8353 | Lair:1   | Noticed Urug
  8370 | Lair:1   | Killed Urug
  8576 | Lair:1   | Noticed Maggie
  8598 | Lair:1   | Killed Maggie
  8866 | Lair:1   | Reached skill level 13 in Unarmed Combat
  9285 | Lair:1   | Reached skill level 5 in Shields
  9426 | Lair:2   | Reached XP level 12. HP: 104/104 MP: 16/16
  9490 | Lair:2   | Received a gift from Nemelex Xobeh
  9571 | Lair:2   | Reached ***** piety under Nemelex Xobeh
  9618 | Lair:2   | Received a gift from Nemelex Xobeh
  9986 | Lair:3   | Received a gift from Nemelex Xobeh
 10060 | Lair:3   | Found a gate leading to a gauntlet.
 10060 | Lair:3   | Identified the +0 robe "Ririryk" {*Corrode rElec rN+ Int+2}
 10074 | Gauntlet | Entered a Gauntlet
 10074 | Gauntlet | Found a transporter.
 10074 | Gauntlet | Found a transporter.
 10074 | Gauntlet | Noticed a quicksilver ooze
 10075 | Gauntlet | Found a transporter.
 10078 | Gauntlet | Found a transporter.
 10080 | Gauntlet | Found a large runed translucent door.
 10081 | Gauntlet | Found a large runed translucent door.
 10082 | Gauntlet | Found a large runed translucent door.
 10082 | Gauntlet | Found a large runed translucent door.
 10082 | Gauntlet | Found a runed translucent door.
 10082 | Gauntlet | Found a runed translucent door.
 10083 | Gauntlet | Found a large runed translucent door.
 10083 | Gauntlet | Found a large runed translucent door.
 10083 | Gauntlet | Found a large runed translucent door.
 10083 | Gauntlet | Found a large runed translucent door.
 10084 | Gauntlet | Found a large runed translucent door.
 10084 | Gauntlet | Found a large runed translucent door.
 10085 | Gauntlet | Found a large runed translucent door.
 10085 | Gauntlet | Found a large runed translucent door.
 10086 | Gauntlet | Found a runed translucent gate.
 10086 | Gauntlet | Found a runed translucent gate.
 10086 | Gauntlet | Found a runed translucent gate.
 10088 | Gauntlet | Found a transporter.
 10088 | Gauntlet | Noticed a ghost crab
 10089 | Gauntlet | Found the +3 pair of gauntlets of War {Slay+5}
 10099 | Gauntlet | Found a large runed translucent door.
 10100 | Gauntlet | Found a large runed translucent door.
 10109 | Gauntlet | Found a large runed translucent door.
 10109 | Gauntlet | Found a large runed translucent door.
 10154 | Gauntlet | Found a transporter.
 10164 | Gauntlet | Found a transporter.
 10179 | Gauntlet | Found a transporter.
 10189 | Gauntlet | Found a transporter.
 10204 | Gauntlet | Found a transporter.
 10210 | Gauntlet | Found a transporter.
 10231 | Gauntlet | Found a transporter.
 10289 | Gauntlet | Killed a quicksilver ooze
 10406 | Gauntlet | Killed a ghost crab
 10442 | Gauntlet | Received a gift from Nemelex Xobeh
 10473 | Gauntlet | Identified the +0 chain mail "Xylarchu" {Int+6}
 10473 | Gauntlet | Noticed a minotaur
 10487 | Gauntlet | HP: 14/104 [minotaur (7)]
 10490 | Gauntlet | Killed a minotaur
 10500 | Gauntlet | Identified the +1 ring mail of the Spheres {-Cast rElec
                  | Str-3 Dex+7}
 10500 | Gauntlet | Identified the ring of Cugum {Ice rElec MP-9 Int+5}
 10614 | Lair:3   | Reached skill level 14 in Unarmed Combat
 10847 | Lair:3   | Received a gift from Nemelex Xobeh
 10965 | Lair:3   | Noticed a seven-headed hydra
 10982 | Lair:3   | HP: 12/104 [16-headed hydra (8)]
 10983 | Lair:3   | HP: 2/104 [16-headed hydra (7)]
 10983 | Lair:3   | Slain by a 16-headed hydra

Illustrated notes

Levels and vault maps discovered:
D:1:      wander_arrival_chamber, layout_loops_cross, serial_shops, shop
D:2:      cheibrodos_helix_gallery, layout_loops_ring, basic_altar,
          dreamdust_ecumenical_altar_sealed_demon, uniq_crazy_yiuf_cottage
D:3:      layout_loops_ring, nicolae_qazlal_style_of_elements,
          mainiacjoe_overflow_boulevard,
          nicolae_dithmenos_through_a_glass_darkly
D:4:      cheibrodos_old_hovel, layout_cave_pools, minmay_temple_entry_tees,
          st_stairs_7
D:5:      layout_gridville
D:6:      kennysheep_spiral_hall, layout_basic, minmay_lizard_king,
          uniq_prince_ribbit1
D:7:      minmay_s_stair_smasher, layout_basic, mainiacjoe_overflow_24_doors,
          enter_ossuary_4, nicolae_water_bricks
D:8:      layout_basic, mainiacjoe_overflow_alcove_4, kiku_gazebo_garden_becter,
          grunt_ministairs_7, small_statue_intersection
D:9:      layout_basic
D:10:     layout_layer_cave, tso_metal_star, nzn_wu_jian_contemplation,
          dpeg_oklobed_lair, kennysheep_flooded_box
Temple:   eino_temple_water
Lair:1:   layout_regular_city, infiniplex_staircase_pool, uniq_urug, uniq_maggie
Lair:2:   layout_cave_shapes, lemuel_fruit_tree
Lair:3:   layout_regular_city, gauntlet_entry_generic,
          infiniplex_staircase_pool_2, serial_bayou_shore_b

Skill      XL: |  1  2  3  4  5  6  7  8  9 10 11 12 |
---------------+-------------------------------------+-----
Unarmed Combat | 3 4 5 6 8 9 11 12 13 14 | 14.3
Translocations | 1 2 3 4 5 6 7 |  7.7
Invocations    | 2 4 6 7 8 |  8.2
Spellcasting   | 2 |  2.3
Shields        | 3 5 6 |  6.2
Fighting       | |  2.4
Dodging        | |  2.4

Action                   |  1- 3 |  4- 6 |  7- 9 | 10-12 || total
-------------------------+-------+-------+-------+-------++-------
Melee: Unarmed           |    81 |   151 |   329 |   539 ||  1100
Throw: Dart              |       |     4 |    12 |    17 ||    33
 Cast: Lesser Beckoning  |       |       |     1 |     1 ||     2
Invok: Draw Destruction  |       |       |     3 |     5 ||     8
       Draw Summoning    |       |       |       |     1 ||     1
Evoke: Wand              |       |       |     1 |     3 ||     4
       Condenser vane    |       |       |       |     1 ||     1
       Piece from Xom's  |       |       |       |     3 ||     3
  Use: Scroll            |     6 |     4 |     3 |     9 ||    22
       Potion            |       |       |       |     3 ||     3
 Stab: Confused          |       |       |       |     3 ||     3
Armor: Robe              |    23 |    48 |    92 |    80 ||   243
       Acid dragon scale |       |       |       |   126 ||   126
Dodge: Dodged            |    25 |    42 |    86 |   186 ||   339
Block: Kite shield       |    36 |    82 |   161 |   351 ||   630
